 Dungeon Crawl Stone Soup version 0.31-a0-162-gc4c5a43528 (webtiles) character file.

Game seed: 4064943897142747450

2167 qw the Cleaver (level 9, -4/56 HPs)
             Began as a Gargoyle Fighter on June 12, 2023.
             Slain by Prince Ribbit (10 damage)
             ... on level 7 of the Dungeon.
             The game lasted 00:02:46 (5303 turns).

qw the Cleaver (Gargoyle Fighter)                   Turns: 5303, Time: 00:02:47

Health: -4/56      AC: 18    Str: 28    XL:     9   Next: 32%
Magic:  9/9        EV:  9    Int:  8    God:
Gold:   385        SH:  9    Dex: 14    Spells: 8/8 levels left

rFire   . . .        l - +0 war axe (spect)
rCold   . . .        c - +0 buckler
rNeg    + . .        a - +0 chain mail
rPois   inf          e - +2 helmet
rElec   +            (no cloak)
rCorr   .            (no gloves)
SInv    +            (no boots)
Will    .....        (no amulet) Stlth
                     g - +6 ring of dexterity
HPRegen 0.29/turn    p - ring of see invisible
MPRegen 0.11/turn

%: no passive effects
@: about to teleport
A: sickness immunity, AC +6, negative energy resistance 1, electricity
resistance, torment resistance 1, petrification resistance, large bone plates 1,
strong 1, MP-powered wands
a: no special abilities


You were on level 7 of the Dungeon.
You visited 2 branches of the dungeon, and saw 8 of its levels.
You also visited: Sewer.

You collected 385 gold pieces.


Innate Abilities, Weirdness & Mutations

You are immune to sickness and miasma.
Your stone body is resilient. (AC +6)
You are immune to poison.
You resist negative energy. (rN+)
You are resistant to electric shocks. (rElec)
You are resistant to unholy torment.
You are immune to petrification.
You are partially covered in large bone plates. (SH +4)
Your muscles are strong. (Str +4, Int/Dex -1)
You expend magic power (3 MP) to strengthen your wands.


   Skills:
 - Level 6.4 Fighting
 - Level 9.1 Axes
 - Level 2.3 Throwing
 + Level 3.8 Armour
 - Level 2.1 Dodging
 - Level 3.9 Shields


You had 8 spell levels left.
You didn't know any spells.
Your spell library was empty.

Inventory:

Hand Weapons
 f - a +0 flail
 l - a +0 spectral war axe (weapon)
Armour
 a - a +0 chain mail (worn)
 c - a +0 buckler (worn)
 e - a +2 helmet (worn)
 r - a +0 plate armour
Jewellery
 g - a +6 ring of dexterity (left hand)
 p - a ring of see invisible (right hand)
 w - a ring of see invisible
Scrolls
 b - 4 scrolls of teleportation
 k - 2 scrolls of identify
 v - a scroll of poison {unknown}
Potions
 d - 2 potions of might
 h - a potion of attraction {unknown}
 i - a potion of ambrosia {unknown}
 j - 4 potions of heal wounds
 m - a potion of haste {unknown}
 n - a potion of mutation
 o - 5 potions of magic
 q - a potion of berserk rage {unknown}
 s - 2 potions of curing
 t - a potion of lignification {unknown}

Dungeon Overview and Level Annotations

Branches:
Dungeon (7/15)             Temple (1/1) D:4           Sewer (visited)

Altars:
Ashenzari
Dithmenos
Elyvilon
Fedhas
Gozag
Hepliaklqana
Kikubaaqudgha
Nemelex Xobeh
Qazlal
Ru
Sif Muna
Trog
Uskayaw
Vehumet
Wu Jian
Xom
Yredelemnul
Zin
The Shining One

Shops:
D:6 *

Annotations:
D:7 exclusion: electric eel, Prince Ribbit


Message History

Prince Ribbit blinks!
The electric eel shoots out a bolt of lightning at you!
You stop removing your armour.
The bolt of electricity hits you. You resist.
5288 ||| UPGRADING to +0 plate armour.
You start removing your armour.
You continue taking off your +0 chain mail. x2
Prince Ribbit croaks regally.
Prince Ribbit blinks!
You continue taking off your +0 chain mail.
Prince Ribbit blinks!
You continue taking off your +0 chain mail.
The electric eel shoots out a bolt of lightning at you!
The bolt of electricity hits you. You resist.
Prince Ribbit blinks!
You finish taking off your +0 chain mail.
5293 ||| UPGRADING to +0 chain mail.
The electric eel shoots out a bolt of lightning at you!
Keep equipping yourself?
The bolt of electricity hits you. You resist.
You start putting on your armour.
You continue putting on your +0 chain mail. x3
The electric eel shoots out a bolt of lightning at you!
The bolt of electricity hits you. You resist.
You continue putting on your +0 chain mail.
You finish putting on your +0 chain mail.
5298 ||| UPGRADING to +0 plate armour.
The electric eel shoots out a bolt of lightning at you!
You stop removing your armour.
The bolt of electricity hits you. You resist.
5299 ||| UPGRADING to +0 plate armour.
You start removing your armour.
You continue taking off your +0 chain mail. x2
You stop removing your armour.
5302 ||| UPGRADING to +0 plate armour.
Prince Ribbit hits you!
You stop removing your armour.
Prince Ribbit barely misses you.
5303 ||| READING 5 scrolls of teleportation.
As you read the scroll of teleportation, it crumbles to dust.
You feel strangely unstable.
Prince Ribbit hops awkwardly around.
Prince Ribbit hits you!
You die...

#......... .......
#.#....... .......
#.##...... .......
#.###..... ....... #.#
###... .......######
#.## ##.. ............#
#).# ###
#~..F###..###..#### #
#@..#..#)))...####
#.}.#.............
~#...#............#
~~~~###..............
.~~~~~~................
~~~~~~..........<.....
#~~~~###...#..........
.#~~#...#.............
. #~~#.}.#.............


You could see Prince Ribbit.

Vanquished Creatures
  A sky beast (D:7)
  4 water moccasins (D:7)
  An orc warrior (D:7)
  Pargi (Sewer)
  3 ice beasts
  A black bear (D:5)
  3 ogres
  2 scorpions
  An electric eel (D:7)
  A howler monkey (D:7)
  2 jellies
  5 hounds
  A sleepcap (D:7)
  Jessica (D:3)
  Ijyb (D:3)
  An iguana (D:6)
  2 orc wizards
  Robin (D:2)
  4 gnolls
  7 adders
  A shadow imp (D:5)
  2 white imps
  A worm (D:2)
  3 dart slugs
  12 orcs
  9 bats
  5 endoplasms
  2 giant cockroaches
  25 goblins
  5 hobgoblins
  7 jackals
  5 kobolds
  5 quokkas
  10 ball pythons
  22 frilled lizards
  4 rats
161 creatures vanquished.

Notes
Turn   | Place    | Note
-------+----------+-------------------------------------------
     0 | D:1      | qw the Gargoyle Fighter began the quest for the Orb.
     0 | D:1      | Reached XP level 1. HP: 14/14 MP: 1/1
     0 | D:1      | 0 ||| qw: Version: 0.2-a-29-gc1b59c4
     0 | D:1      | 0 ||| qw: Game counter: 4339
     0 | D:1      | 0 ||| qw: Always use a shield: true
     0 | D:1      | 0 ||| qw: God list: Okawaru
     0 | D:1      | 0 ||| qw: Allow faded altars: false
     0 | D:1      | 0 ||| qw: Do Orc after D:15 true
     0 | D:1      | 0 ||| qw: Do second Lair branch before Depths: true
     0 | D:1      | 0 ||| qw: Lair rune preference: random
     0 | D:1      | 0 ||| qw: Plans: Normal, Zot:1-4, Slime:5, God:TSO, Crypt,
                  | Tomb, Abyss, Pan, Hells, Win
     0 | D:1      | 0 ||| PLANNING D:1-11
    57 | D:1      | 57 ||| Stepping ~*~*~tactically~*~*~ (stealth).
    58 | D:1      | 58 ||| Stepping ~*~*~tactically~*~*~ (stealth).
    65 | D:1      | Reached skill level 2 in Axes
   127 | D:1      | Reached XP level 2. HP: 19/19 MP: 2/2
   142 | D:1      | Found a faded altar of an unknown god.
   188 | D:1      | 188 ||| DROPPING +0 club.
   227 | D:1      | Reached skill level 3 in Axes
   261 | D:1      | Reached XP level 3. HP: 23/23 MP: 3/3
   702 | D:1      | 702 ||| Stepping ~*~*~tactically~*~*~ (stealth).
   735 | D:1      | 735 ||| Stepping ~*~*~tactically~*~*~ (stealth).
   748 | D:1      | 748 ||| Stepping ~*~*~tactically~*~*~ (stealth).
   828 | D:1      | 828 ||| UPGRADING to +2 helmet.
   833 | D:1      | 833 ||| READING scroll labelled IVINAC KYEBO.
   834 | D:1      | 834 ||| READING scroll labelled NOEVAWNUOH.
   837 | D:1      | 837 ||| READING scroll labelled GEIGGO ODOE.
   838 | D:1      | 838 ||| READING scroll labelled LUCOC FETZ.
   910 | D:2      | Reached XP level 4. HP: 28/28 MP: 4/4
  1037 | D:2      | Noticed Robin
  1041 | D:2      | Reached skill level 4 in Axes
  1050 | D:2      | Killed Robin
  1232 | D:2      | 1232 ||| UPGRADING to +6 ring of dexterity.
  1274 | D:2      | 1274 ||| READING 2 scrolls labelled PUOTRE AGRUOXO.
  1275 | D:2      | 1275 ||| READING scroll labelled ZIOM CYGRIMUA.
  1276 | D:2      | 1276 ||| DRINKING 2 fizzy dark potions.
  1276 | D:2      | Gained mutation: You have hidden genetic potential. [potion
                  | of mutation]
  1276 | D:2      | Gained mutation: You expend magic power (3 MP) to
                  | strengthen your wands. [potion of mutation]
  1277 | D:2      | 1277 ||| READING 3 scrolls of identify.
  1277 | D:2      | 1277 ||| IDENTIFYING dark potion
  1278 | D:2      | 1278 ||| READING 2 scrolls of identify.
  1278 | D:2      | 1278 ||| IDENTIFYING glowing orange potion
  1279 | D:2      | 1279 ||| DROPPING scroll of fear.
  1280 | D:2      | 1280 ||| DROPPING potion of degeneration.
  1415 | D:3      | Reached XP level 5. HP: 32/32 MP: 5/5
  1433 | D:3      | 1433 ||| Stepping ~*~*~tactically~*~*~ (stealth).
  1434 | D:3      | 1434 ||| Stepping ~*~*~tactically~*~*~ (stealth).
  1451 | D:3      | Noticed Jessica
  1456 | D:3      | Killed Jessica
  1457 | D:3      | Reached skill level 1 in Throwing
  1496 | D:3      | 1496 ||| Stepping ~*~*~tactically~*~*~ (stealth).
  1504 | D:3      | Reached skill level 1 in Dodging
  1694 | D:3      | Noticed Ijyb
  1698 | D:3      | 1698 ||| DRINKING potion of curing.
  1698 | D:3      | 1698 ||| (to cure confusion)
  1736 | D:3      | Killed Ijyb
  1755 | D:3      | Gained mutation: Your muscles are strong. (Str +4, Int/Dex
                  | -1) [hidden potential]
  1968 | D:3      | 1968 ||| Stepping ~*~*~tactically~*~*~ (stealth).
  2040 | D:3      | 2040 ||| UPGRADING to +0 chain mail.
  2050 | D:3      | 2050 ||| DROPPING +0 scale mail.
  2051 | D:3      | 2051 ||| READING scroll labelled QOZ RUGYAPPO.
  2052 | D:3      | 2052 ||| DRINKING 2 green potions.
  2107 | D:4      | Reached skill level 5 in Axes
  2107 | D:4      | Reached XP level 6. HP: 37/37 MP: 6/6
  2109 | D:4      | 2109 ||| DROPPING +0 mace.
  2283 | D:4      | Found a staircase to the Ecumenical Temple.
  2284 | D:4      | 2284 ||| PLANNING TEMPLE
  2284 | D:4      | 2284 ||| UPGRADING to ring of see invisible.
  2285 | D:4      | 2285 ||| READING scroll labelled COMOPPU CUBODOST.
  2386 | D:4      | 2386 ||| READING scroll labelled URISE PO OKA.
  2401 | Temple   | Entered the Ecumenical Temple
  2541 | Temple   | 2541 ||| PLANNING D:1-11
  2679 | D:4      | Found a blossoming altar of Fedhas.
  2688 | D:4      | Found a shimmering altar of Xom.
  2821 | D:4      | Found a stormy altar of Qazlal.
  2906 | D:4      | 2906 ||| READING scroll labelled ETELIT ZAHYETE.
  2924 | D:5      | Entered Level 5 of the Dungeon
  2925 | D:5      | 2925 ||| PLANNING SEWER
  2977 | D:5      | 2977 ||| FLEEEEING.
  2978 | D:5      | 2978 ||| FLEEEEING.
  2979 | D:5      | 2979 ||| FLEEEEING.
  2980 | D:5      | 2980 ||| STAIRDANCE
  3088 | D:5      | 3088 ||| STAIRDANCE
  3123 | D:5      | Reached skill level 6 in Axes
  3123 | D:5      | Reached XP level 7. HP: 43/43 MP: 7/7
  3132 | D:5      | 3132 ||| Stepping ~*~*~tactically~*~*~ (hiding).
  3167 | D:5      | 3167 ||| Stepping ~*~*~tactically~*~*~ (hiding).
  3169 | D:5      | 3169 ||| Stepping ~*~*~tactically~*~*~ (hiding).
  3204 | D:5      | Found a glowing drain.
  3214 | Sewer    | Entered a sewer
  3221 | Sewer    | 3221 ||| Stepping ~*~*~tactically~*~*~ (water).
  3234 | Sewer    | 3234 ||| Stepping ~*~*~tactically~*~*~ (water).
  3268 | Sewer    | Noticed Pargi
  3272 | Sewer    | Killed Pargi
  3357 | D:5      | 3357 ||| PLANNING D:1-11
  3411 | D:5      | Found a basalt altar of Yredelemnul.
  3473 | D:5      | Identified the +7 dagger "Qochic" {drain, Drain rElec Str+4
                  | Int+3}
  3498 | D:5      | 3498 ||| Stepping ~*~*~tactically~*~*~ (stealth).
  3505 | D:5      | Reached skill level 7 in Axes
  3796 | D:6      | Reached XP level 8. HP: 49/49 MP: 8/8
  3911 | D:6      | Gained mutation: You are partially covered in large bone
                  | plates. (SH +4) [hidden potential]
  3911 | D:6      | Lost mutation: You have hidden genetic potential. [hidden
                  | potential expressed]
  3938 | D:6      | Found Odostopp's Overcharged Wands.
  3947 | D:6      | 3947 ||| SHOPLISTING wand of digging (11) (693 gold, have
                  | 270).
  3973 | D:6      | 3973 ||| Stepping ~*~*~tactically~*~*~ (hiding).
  3974 | D:6      | 3974 ||| Stepping ~*~*~tactically~*~*~ (hiding).
  4087 | D:6      | Found a hazy altar of Hepliaklqana.
  4103 | D:6      | 4103 ||| FLEEEEING.
  4104 | D:6      | 4104 ||| FLEEEEING.
  4105 | D:6      | 4105 ||| FLEEEEING.
  4106 | D:6      | 4106 ||| FLEEEEING.
  4108 | D:6      | 4108 ||| FLEEEEING.
  4109 | D:6      | 4109 ||| FLEEEEING.
  4110 | D:6      | 4110 ||| FLEEEEING.
  4111 | D:6      | 4111 ||| FLEEEEING.
  4112 | D:6      | 4112 ||| FLEEEEING.
  4113 | D:6      | 4113 ||| FLEEEEING.
  4114 | D:6      | 4114 ||| FLEEEEING.
  4115 | D:6      | 4115 ||| FLEEEEING.
  4116 | D:6      | 4116 ||| FLEEEEING.
  4117 | D:6      | 4117 ||| FLEEEEING.
  4118 | D:6      | 4118 ||| FLEEEEING.
  4119 | D:6      | 4119 ||| FLEEEEING.
  4120 | D:6      | 4120 ||| FLEEEEING.
  4121 | D:6      | 4121 ||| FLEEEEING.
  4123 | D:6      | 4123 ||| FLEEEEING.
  4124 | D:6      | 4124 ||| FLEEEEING.
  4417 | D:6      | 4417 ||| DROPPING +0 ring mail of willpower.
  4447 | D:7      | 4447 ||| STAIRDANCE
  4453 | D:6      | Reached skill level 8 in Axes
  4527 | D:7      | Reached skill level 6 in Fighting
  4608 | D:7      | Found a broken altar of Ashenzari.
  4642 | D:7      | 4642 ||| Stepping ~*~*~tactically~*~*~ (stealth).
  4650 | D:7      | 4650 ||| Stepping ~*~*~tactically~*~*~ (stealth).
  4658 | D:7      | 4658 ||| FLEEEEING.
  4659 | D:7      | 4659 ||| FLEEEEING.
  4660 | D:7      | 4660 ||| FLEEEEING.
  4661 | D:7      | 4661 ||| FLEEEEING.
  4662 | D:7      | 4662 ||| FLEEEEING.
  4663 | D:7      | 4663 ||| FLEEEEING.
  4665 | D:7      | 4665 ||| FLEEEEING.
  4669 | D:7      | Reached XP level 9. HP: 51/56 MP: 9/9
  4708 | D:7      | Reached skill level 9 in Axes
  4881 | D:7      | 4881 ||| Stepping ~*~*~tactically~*~*~ (hiding).
  5055 | D:7      | 5055 ||| Stepping ~*~*~tactically~*~*~ (hiding).
  5180 | D:7      | 5180 ||| FLEEEEING.
  5234 | D:7      | Noticed Prince Ribbit
  5235 | D:7      | 5235 ||| UPGRADING to +0 plate armour.
  5238 | D:7      | 5238 ||| UPGRADING to +0 plate armour.
  5243 | D:7      | 5243 ||| UPGRADING to +0 chain mail.
  5248 | D:7      | 5248 ||| UPGRADING to +0 plate armour.
  5249 | D:7      | 5249 ||| UPGRADING to +0 plate armour.
  5250 | D:7      | 5250 ||| UPGRADING to +0 plate armour.
  5251 | D:7      | 5251 ||| UPGRADING to +0 plate armour.
  5252 | D:7      | 5252 ||| UPGRADING to +0 plate armour.
  5253 | D:7      | 5253 ||| UPGRADING to +0 plate armour.
  5254 | D:7      | 5254 ||| UPGRADING to +0 plate armour.
  5255 | D:7      | 5255 ||| UPGRADING to +0 plate armour.
  5258 | D:7      | 5258 ||| UPGRADING to +0 plate armour.
  5259 | D:7      | 5259 ||| UPGRADING to +0 plate armour.
  5261 | D:7      | 5261 ||| UPGRADING to +0 plate armour.
  5262 | D:7      | 5262 ||| UPGRADING to +0 plate armour.
  5263 | D:7      | 5263 ||| UPGRADING to +0 plate armour.
  5265 | D:7      | 5265 ||| UPGRADING to +0 plate armour.
  5268 | D:7      | 5268 ||| UPGRADING to +0 plate armour.
  5270 | D:7      | 5270 ||| UPGRADING to +0 plate armour.
  5272 | D:7      | 5272 ||| UPGRADING to +0 plate armour.
  5275 | D:7      | 5275 ||| UPGRADING to +0 plate armour.
  5277 | D:7      | 5277 ||| UPGRADING to +0 plate armour.
  5282 | D:7      | 5282 ||| UPGRADING to +0 chain mail.
  5287 | D:7      | 5287 ||| UPGRADING to +0 plate armour.
  5288 | D:7      | 5288 ||| UPGRADING to +0 plate armour.
  5293 | D:7      | 5293 ||| UPGRADING to +0 chain mail.
  5298 | D:7      | 5298 ||| UPGRADING to +0 plate armour.
  5299 | D:7      | 5299 ||| UPGRADING to +0 plate armour.
  5302 | D:7      | 5302 ||| UPGRADING to +0 plate armour.
  5302 | D:7      | HP: 6/56 [Prince Ribbit (10)]
  5303 | D:7      | 5303 ||| READING 5 scrolls of teleportation.
  5303 | D:7      | Slain by Prince Ribbit

Levels and vault maps discovered:
D:1:      enne_arrival_octagon_isle, layout_loops_ring,
          chequers_ecumenical_altar_simple_redux, minmay_lizard_king
D:2:      layout_rooms, serial_glass, glass_columns_c, glass_columns_b,
          uniq_robin
D:3:      layout_loops_ring, uniq_crazy_yiuf_cottage, uniq_ijyb, uniq_jessica
D:4:      layout_basic, nicolae_overflow_crystal_walls,
          mainiacjoe_overflow_swirl, minmay_temple_entry_tees
D:5:      layout_gridville, lemuel_crystal_altar, portal_sewer_entry_f
D:6:      layout_basic, mainiacjoe_overflow_small_starburst,
          nicolae_shop_overcharged_wands
D:7:      layout_cave_pods, lemuel_round_altar, slow_altar_2, fountainhead,
          uniq_prince_ribbit1
Temple:   hellmonk_temple_forest_ring

Skill      XL: |  1  2  3  4  5  6  7  8  9 |
---------------+----------------------------+-----
Axes           | 2 3 4 5 6 7 8 9 |  9.1
Throwing       | 1 2 |  2.3
Dodging        | 1 2 |  2.1
Fighting       | 4 5 6 |  6.4
Armour         | |  3.8
Shields        | |  3.9

Action                     |  1- 3 |  4- 6 |  7- 9 || total
---------------------------+-------+-------+-------++-------
  Melee: War axe           |   110 |   104 |   114 ||   328
  Throw: Javelin           |       |    25 |    12 ||    37
    Use: Scroll            |     4 |     8 |     1 ||    13
         Potion            |       |     3 |       ||     3
   Stab: Distracted        |       |       |     1 ||     1
 Armour: Scale mail        |    59 |    38 |       ||    97
         Chain mail        |       |    20 |    30 ||    50
  Dodge: Dodged            |    60 |    39 |    33 ||   132
  Block: Buckler           |    15 |    12 |    32 ||    59

Table legend:
 A = Non-vault XP
 B = Vault XP
 C = Vault XP percentage of total XP
 D = Non-vault monster count
 E = Vault monster count
 F = Vault count percentage of total count
                 A         B        C        D         E       F
            +---------+---------+-------+---------+---------+-------
      Total |    2821 |     275 |   8.9 |     122 |      39 |  24.2
            +---------+---------+-------+---------+---------+-------
        D:1 |      46 |      10 |  17.9 |      27 |      10 |  27.0
        D:2 |      62 |      38 |  38.0 |      22 |      13 |  37.1
        D:3 |      58 |      73 |  55.7 |      12 |       2 |  14.3
        D:4 |     161 |       2 |   1.2 |      16 |       1 |   5.9
        D:5 |     560 |       6 |   1.1 |      21 |       3 |  12.5
        D:6 |     542 |       0 |   0.0 |       7 |       0 |   0.0
        D:7 |    1392 |       0 |   0.0 |      17 |       0 |   0.0
      Sewer |       0 |     146 | 100.0 |       0 |      10 | 100.0
            +---------+---------+-------+---------+---------+-------
